 Dungeon Crawl Stone Soup version 0.28.0-62-gf88900778d (webtiles) character file.

Game seed: 7821459357801601551

184628 peterlawrence the Slayer (level 17, -1/176 HPs)
             Began as a Minotaur Fighter on Mar 13, 2024.
             Was the Champion of Okawaru.
             Slain by a spriggan air mage simulacrum (8 damage)
             ... animated by a necromancer
             ... on level 1 of the Depths on Mar 14, 2024.
             The game lasted 01:00:42 (32145 turns).

peterlawrence the Slayer (Minotaur Fighter)        Turns: 32145, Time: 01:00:42

Health: -1/176     AC: 28    Str: 36    XL:     17   Next: 78%
Magic:  21/21      EV: 12    Int:  8    God:    Okawaru [******]
Gold:   3454       SH:  9    Dex: 15    Spells: 16/16 levels left

rFire   + . .      SeeInvis .   j - +8 broad axe of Tacu {flame, rPois Str+6}
rCold   + . .      Faith    .   c - +0 buckler
rNeg    + . .      Spirit   .   T - +4 crystal plate armour {rC+}
rPois   +          Reflect  .   g - +0 hat "Ithuex" {rElec rN+ Int+3}
rElec   +          Harm     .   I - +1 cloak {rF+}
rCorr   .          Rampage  .   o - +0 pair of gloves
Will    ++...                   L - +1 pair of boots "Wutwen" {rElec Dex+2}
Stlth   ..........              M - amulet of regeneration
HPRegen 1.19/turn               l - ring "Iduuguho" {Will+ Str+6}
MPRegen 0.17/turn               X - +4 ring of slaying

@: about to teleport, marked, corroded, studying Slings
A: horns 2, retaliatory headbutt, iridescent scales 1, clumsy 1, deformed body
a: Renounce Religion, Heroism, Finesse, Duel


You were on level 1 of the Depths.
You worshipped Okawaru.
Okawaru was exalted by your worship.
You visited 6 branches of the dungeon, and saw 27 of its levels.
You also visited: Bailey, Gauntlet, Ice Cave and Volcano.

You collected 3818 gold pieces.
You spent 364 gold pieces at shops.

Inventory:

Hand Weapons
 d - a +5 broad axe of flaming
 j - the +8 broad axe of Tacu (weapon) {flame, rPois Str+6}
   (Okawaru gifted it to you on level 1 of the Depths)

   It burns those it strikes, dealing additional fire damage.
   Big, fiery blades are also staple armaments of hydra-hunters.
   Str:       It affects your strength (+6).
   rPois:     It protects you from poison.
 z - a +9 flail of protection
Missiles
 s - 106 sling bullets
Armour
 c - a +0 buckler (worn)
 e - the +0 hat "Edoloatz" {Int+3}
   (Okawaru gifted it to you on level 1 of the Lair of Beasts)

   Int:       It affects your intelligence (+3).
 g - the +0 hat "Ithuex" (worn) {rElec rN+ Int+3}
   (Okawaru gifted it to you on level 1 of the Elven Halls)

   Int:       It affects your intelligence (+3).
   rElec:     It insulates you from electricity.
   rN:        It protects you from negative energy.
 o - a +0 pair of gloves (worn)
 I - a +1 cloak of fire resistance (worn)
 L - the +1 pair of boots "Wutwen" (worn) {rElec Dex+2}
   (Okawaru gifted it to you on level 3 of the Lair of Beasts)

   Dex:       It affects your dexterity (+2).
   rElec:     It insulates you from electricity.
 T - a +4 crystal plate armour of cold resistance (worn)
 W - the +2 acid dragon scales of Lachippu {Harm rF- rCorr Slay+5 Stlth+}
   (Okawaru gifted it to you in an ice cave)

   Slay:      It affects your accuracy & damage with ranged weapons and melee
   (+5).
   rF:        It makes you vulnerable to fire.
   rCorr:     It protects you from acid and corrosion.
   Harm:      It increases damage dealt and taken.
   Stlth:     It makes you more stealthy.
Jewellery
 b - a ring of poison resistance
 l - the ring "Iduuguho" (left hand) {Will+ Str+6}
   (You found it in a Gauntlet)

   [ring of willpower]

   Str:       It affects your strength (+6).
   Will:      It increases your willpower.
 E - a ring of resist corrosion
 M - an amulet of regeneration (around neck)
 X - a +4 ring of slaying (right hand)
 Y - the ring "Afacsoli" {EV+4 Dex+2}
   (You found it in a Gauntlet)

   [ring of evasion]

   EV:        It affects your evasion (+4).
   Dex:       It affects your dexterity (+2).
 Z - the ring "Kipliukhu" {Ice Will++ Dex+2 Stlth-}
   (You found it in a Gauntlet)

   [ring of ice]

   It enhances your ice magic.
   Dex:       It affects your dexterity (+2).
   rF:        It makes you vulnerable to fire.
   rC:        It protects you from cold.
   Will:      It greatly increases your willpower.
   Stlth:     It makes you less stealthy.
Wands
 f - a wand of digging (6)
 k - a wand of acid (10)
 m - a wand of paralysis (26)
 n - a wand of iceblast (25)
 r - a wand of polymorph (9)
 C - a wand of flame (12)
Scrolls
 h - 9 scrolls of teleportation
 i - 3 scrolls of fear
 v - a scroll of magic mapping
 w - 2 scrolls of fog
 x - a scroll of brand weapon
 A - 3 scrolls of holy word
 J - 2 scrolls of blinking
 K - 12 scrolls of identify
 Q - a scroll of silence
Potions
 a - a potion of invisibility
 q - 9 potions of curing
 t - a potion of cancellation
 u - 3 potions of flight
 D - 3 potions of might
 H - 4 potions of haste
 O - a potion of resistance
 P - 4 potions of heal wounds
Miscellaneous
 V - a condenser vane


   Skills:
 - Level 22.2 Fighting
 + Level 12.8(15.5) Axes
 - Level 14.4(16.3) Maces & Flails
 - Level 19.0 Armour
 - Level 9.8 Dodging
 - Level 19.2 Shields
 - Level 7.4 Invocations


You had 16 spell levels left.
You didn't know any spells.
Your spell library contained the following spells:

 Spells                   Type           Power      Damage    Failure   Level
 Apportation              Tloc           0%         N/A       98%         1
 Beastly Appendage        Tmut           0%         N/A       98%         1
 Freeze                   Ice            0%         1d3       98%         1
 Magic Dart               Conj           0%         1d3       98%         1
 Pain                     Necr           0%         1d4       98%         1
 Shock                    Conj/Air       0%         1d3       98%         1
 Sting                    Tmut/Pois      0%         1d3       98%         1
 Blink                    Tloc           0%         N/A       99%         2
 Corpse Rot               Necr/Air       0%         N/A       99%         2
 Ensorcelled Hibernation  Hex/Ice        0%         N/A       99%         2
 Passwall                 Tmut/Erth      0%         N/A       99%         2
 Poisonous Vapours        Pois/Air       0%         N/A       99%         2
 Searing Ray              Conj           0%         2d4       99%         2
 Sublimation of Blood     Necr           0%         N/A       99%         2
 Wereblood                Tmut           0%         N/A       99%         2
 Frozen Ramparts          Ice            0%         1d2       100%        3
 Ozocubu's Armour         Ice            0%         N/A       100%        3
 Spider Form              Tmut/Pois      0%         N/A       100%        3
 Stone Arrow              Conj/Erth      0%         3d7       100%        3
 Swiftness                Air            0%         N/A       100%        3
 Vampiric Draining        Necr           0%         2d6       100%        3
 Airstrike                Air            0%         N/A       100%        4
 Anguish                  Hex/Necr       0%         N/A       100%        4
 Fulminant Prism          Conj/Hex       0%         3d6       100%        4
 Hailstorm                Conj/Ice       0%         3d3       100%        4
 Ice Form                 Ice/Tmut       0%         N/A       100%        4
 Iskenderun's Mystic Bla  Conj/Tloc      0%         2d3       100%        4
 Olgreb's Toxic Radiance  Pois           0%         N/A       100%        4
 Agony                    Necr           0%         N/A       100%        5
 Blade Hands              Tmut           0%         N/A       100%        5
 Excruciating Wounds      Necr           0%         N/A       100%        5
 Freezing Cloud           Conj/Ice/Air   0%         6-21      100%        5
 Lightning Bolt           Conj/Air       0%         1d11      100%        5
 Manifold Assault         Tloc           0%         N/A       100%        5
 Metabolic Englaciation   Hex/Ice        0%         N/A       100%        5
 Yara's Violent Unravell  Hex/Tmut       0%         3d3       100%        5
 Iron Shot                Conj/Erth      0%         9d1       100%        6
 Starburst                Conj/Fire      0%         6d3       100%        6
 Enfeeble                 Hex            0%         N/A       100%        7
 Ozocubu's Refrigeration  Ice            0%         4d5       100%        7
 Storm Form               Tmut/Air       0%         N/A       100%        7
 Lehudib's Crystal Spear  Conj/Erth      0%         10d2      100%        8
 Animate Skeleton         Necr           Unusable   N/A       N/A         1
 Summon Small Mammal      Summ           Unusable   N/A       N/A         1
 Tukima's Dance           Hex            Unusable   N/A       N/A         3
 Animate Armour           Summ/Erth      Unusable   N/A       N/A         4
 Simulacrum               Ice/Necr       Unusable   N/A       N/A         6
 Summon Hydra             Summ           Unusable   N/A       N/A         7

Dungeon Overview and Level Annotations

Branches:
Dungeon (15/15)            Temple (1/1) D:6            Lair (6/6) D:8
  Swamp (0/4) Lair:3       Spider (0/4) Lair:4        Slime (0/5) Lair:5
    Orc (2/2) D:11            Elf (2/3) Orc:2        Vaults (0/5) D:14
 Depths (1/4) D:15         Bailey (visited)           IceCv (visited)
Volcano (visited)         Gauntlet (visited)

Altars:
Cheibriados
Dithmenos
Elyvilon
Fedhas
Gozag
Hepliaklqana
Kikubaaqudgha
Makhleb
Okawaru
Qazlal
Ru
Sif Muna
Uskayaw
Vehumet
Wu Jian
Zin
The Shining One
Jiyva

Shops:
D:13 *   D:15 *   Orc:2 :*[(?   Elf:1 *   Elf:2 [   Depths:1 :=:

Portals:
Trove: D:10 (give +5 ice dragon scales)


Innate Abilities, Weirdness & Mutations

You have a pair of horns on your head.
You reflexively headbutt those who attack you in melee.
You are partially covered in iridescent scales. (AC +2)
You are clumsy. (Dex -2)
Armour fits poorly on your strangely shaped body.


Message History

You hit something but do no damage. You slash the spriggan air mage!
You burn the spriggan air mage.
A freezing mist starts to gather...
A spriggan air mage simulacrum comes into view.
Something hits you! Something bites you but does no damage.
The vampire mage gestures wildly while chanting.
The vampire mage flickers and vanishes!
Something hits you. Something bites you but does no damage.
An ogre mage comes into view. It is wielding a +2 vorpal spear.
Your life force feels restored.
Unknown command.
You are too injured to fight recklessly!
You are too injured to fight recklessly!
Unknown command.
You are too injured to fight recklessly!
You are too injured to fight recklessly!
Unknown command.
As you read the scroll of teleportation, it crumbles to dust.
You feel strangely unstable.
Some walls begin to move on their own!
Something hits you!! Something bites you but does no damage.
You block the earth elemental's attack. The earth elemental hits you!!
* * * LOW HITPOINT WARNING * * *
The spriggan air mage waves its arms in wide circles.
The air twists around and strikes you.
You hear a grinding noise.
A deep elf annihilator comes into view. It is wielding a +0 rapier.
The deep elf death mage beckons forth a restless soul!
A wizard comes into view. It is wielding a +0 dagger.
You hit something. You burn something. You headbutt something.
You hit something.
You hit the earth elemental but do no damage.
You slash the earth elemental!
You closely miss the spriggan air mage simulacrum.
Something hits you but does no damage. Something bites you but does no damage.
You hear some strange, mumbled words.
A bolt of acid appears from out of thin air!
The bolt of acid hits you!!!
* * * LOW HITPOINT WARNING * * *
The acid corrodes you!
The spriggan air mage simulacrum hits you!
You die...

#...#.#.#.#.##
#...........(##
#...#.......#.#
#........>...#
...#.......###
#...§§§e§§.##.
###))§E§{{{....
#....§E@{i.ee.O
#.#.#§§§Zei..Ee
#..#######..##O
##.# p# #.# .#
#.# .. #.# .
#.# #.# ♣


You could see a deep elf annihilator (soul bound), 2 deep elf death magi, an
ogre mage (soul bound), 2 spriggan air magi, 3 earth elementals, a wizard (soul
bound) and a spriggan air mage simulacrum.

Vanquished Creatures
  Rupert (D:12)
  A lich (Depths:1)
  Gastronok (Lair:3)
  A storm dragon (Elf:1)
  3 frost giants
  An iron dragon (Elf:1)
  The ghost of finalsalamander the Cleaver, a journeyman NaWn of Gozag (Lair:3)
  2 deep elf demonologists (Elf:1)
  A deep elf annihilator (Elf:1)
  A dire elephant (D:15)
  A minotaur (Gauntlet)
  A fire dragon (Lair:6)
  A great orb of eyes (Depths:1)
  A deep elf death mage (Elf:2)
  A vault guard (D:14)
  3 boulder beetles
  A deep elf high priest (Elf:1)
  2 ice dragons (Elf:1)
  A catoblepas (Lair:6)
  Erica (D:11)
  6 hydras
  A spriggan air mage (Depths:1)
  11 death yaks
  4 centaur warriors
  A death knight (D:14)
  4 two-headed ogres
  29 dancing weapons
  A deep troll earth mage (Depths:1)
  Urug (Lair:6)
  3 tengu warriors
  A hell hog (Volcano)
  Nergalle (D:11)
  4 orc high priests
  14 deep elf knights
  A glowing orange brain (Depths:1)
  A phantasmal warrior (D:14)
  A wizard (D:14)
  12 deep elf archers
  A shadow dragon zombie (Depths:1)
  27 deep elf pyromancers
  4 necromancers
  26 deep elf zephyrmancers
  A stone giant zombie (Depths:1)
  4 manticores
  21 ugly things
  8 orc sorcerers
  A cyclops (D:14)
  4 orc knights (Orc:2)
  Maurice (D:9)
  A will-o-the-wisp (Lair:3)
  A salamander (Volcano)
  24 elephants
  An apocalypse crab (Gauntlet)
  16 cane toads
  Joseph (D:7)
  An eye of devastation (Gauntlet)
  3 gargoyles
  An ice statue (IceCv)
  2 torpor snails
  2 black mambas
  9 rime drakes
  An efreet (D:15)
  2 freezing wraiths (D:14)
  2 unseen horrors
  11 komodo dragons
  5 tengu conjurers
  A troll (shapeshifter) (Elf:2)
  The ghost of AylatheWolf the Covered, an amateur MiFi of Ignis (D:5)
  19 polar bears
  5 trolls
  2 spriggan skeletons (Depths:1)
  12 slime creatures
  Prince Ribbit (Lair:3)
  8 hornets
  9 dream sheep (Lair:6)
  8 blink frogs
  A stone giant simulacrum (Depths:1)
  2 shadows
  Sigmund (D:6)
  3 centaur simulacra
  2 air elementals (Elf:2)
  Eustachio (D:5)
  13 spriggans (Lair:6)
  3 water elementals
  4 wraiths
  A wyvern (D:8)
  3 fire elementals
  2 basilisks
  69 yaks
  3 fire bats (Volcano)
  A fire bat (shapeshifter) (Elf:2)
  A golden eye (Gauntlet)
  16 humans (D:14)
  A basilisk (shapeshifter) (D:13)
  9 steam dragons
  A death yak simulacrum (D:12)
  2 vampire mosquitoes (D:11)
  Edmund (D:6)
  2 acid dragons
  14 water moccasins
  5 black bears
  A hell hound (Volcano)
  38 orc warriors
  An ice beast (D:12)
  7 necrophages
  4 boggarts (Lair:6)
  16 centaurs
  4 ogres
  50 wolves
  5 bullfrogs
  2 kobold brigands
  2 earth elementals
  A wyvern zombie (D:8)
  2 scorpions (D:5)
  A two-headed ogre simulacrum (D:12)
  A cane toad simulacrum (D:12)
  A wyvern skeleton (D:6)
  A water moccasin skeleton (D:5)
  6 killer bees (D:10)
  5 electric eels
  2 howler monkeys (D:12)
  2 centaur zombies
  23 orc priests
  2 gnoll shamans
  6 hounds
  A jelly (D:4)
  2 iguanas
  Ijyb (D:4)
  32 orc wizards
  2 troll simulacra (D:12)
  A spriggan simulacrum (D:12)
  A killer bee zombie (D:5)
  8 gnolls
  2 naga simulacra (D:12)
  8 adders
  A shadow imp (D:6)
  2 white imps (D:5)
  2 ufetubi (D:12)
  A dart slug (D:3)
  75 orcs
  4 ball pythons
  5 endoplasms
  3 giant cockroaches
  10 goblins
  4 hobgoblins
  8 jackals (D:2)
  3 quokkas
  7 bats
  4 frilled lizards
  15 kobolds
  6 rats
  A spectral goblin (D:3)
922 creatures vanquished.

Vanquished Creatures (others)
  A rime drake (Lair:6)
  A tengu conjurer (D:13)
  A water elemental (Elf:1)
  2 centaurs (Volcano)
  2 orc wizards
  5 bushes (Lair:6)
  A fire vortex (D:13)
  9 foxfires (Lair:3)
  32 fungi
  30 plants
84 creatures vanquished.

Grand Total: 1006 creatures vanquished

Notes
Turn   | Place    | Note
-------+----------+-------------------------------------------
     0 | D:1      | peterlawrence the Minotaur Fighter began the quest for the
                  | Orb.
     0 | D:1      | Reached XP level 1. HP: 19/19 MP: 0/0
   277 | D:1      | Reached XP level 2. HP: 27/27 MP: 1/1
   797 | D:2      | Reached XP level 3. HP: 33/33 MP: 2/2
   804 | D:2      | Reached skill level 4 in Fighting
   832 | D:2      | You fall into a shaft and drop 2 floors!
  1235 | D:4      | Noticed Ijyb
  1248 | D:4      | Killed Ijyb
  1249 | D:4      | Reached XP level 4. HP: 37/40 MP: 3/3
  1358 | D:2      | Found a shadowy altar of Dithmenos.
  1837 | D:3      | Reached XP level 5. HP: 21/46 MP: 4/4
  2014 | D:3      | Reached skill level 5 in Maces & Flails
  2031 | D:3      | Found a faded altar of an unknown god.
  3319 | D:4      | Reached XP level 6. HP: 49/52 MP: 5/5
  3907 | D:5      | Entered Level 5 of the Dungeon
  3908 | D:5      | Noticed a water moccasin
  3919 | D:5      | Killed a water moccasin
  4195 | D:5      | Noticed Eustachio
  4228 | D:5      | Killed Eustachio
  4229 | D:5      | Reached XP level 7. HP: 37/59 MP: 6/6
  4559 | D:5      | Found a runed translucent gate.
  4560 | D:5      | Found a runed translucent gate.
  4561 | D:5      | Found a runed translucent gate.
  4563 | D:5      | Noticed AylatheWolf's ghost (amateur MiFi)
  4746 | D:5      | Killed AylatheWolf's ghost
  4747 | D:5      | Reached skill level 10 in Maces & Flails
  4749 | D:5      | Reached XP level 8. HP: 45/66 MP: 7/7
  5576 | D:6      | Found a staircase to the Ecumenical Temple.
  5602 | Temple   | Entered the Ecumenical Temple
  5612 | Temple   | Became a worshipper of Warmaster Okawaru
  5649 | D:7      | Noticed Joseph
  5755 | D:6      | Noticed Edmund
  5769 | D:6      | Killed Edmund
  5858 | D:6      | Noticed Sigmund
  5861 | D:6      | Killed Sigmund
  6141 | D:7      | Killed Joseph
  6141 | D:7      | Reached * piety under Okawaru
  6142 | D:7      | Reached XP level 9. HP: 49/71 MP: 8/8
  6415 | D:7      | Reached skill level 1 in Invocations
  7057 | D:8      | Noticed a troll
  7076 | D:8      | Killed a troll
  7076 | D:8      | Reached ** piety under Okawaru
  7101 | D:8      | Reached skill level 5 in Invocations
  7353 | D:8      | Found a staircase to the Lair.
  7365 | D:8      | Reached skill level 5 in Fighting
  7852 | D:8      | Reached skill level 6 in Fighting
  8323 | D:8      | Reached *** piety under Okawaru
  8324 | D:8      | Reached skill level 7 in Fighting
  8332 | D:8      | Reached XP level 10. HP: 71/86 MP: 11/13
  8379 | D:8      | Reached skill level 8 in Fighting
  8991 | D:9      | Noticed Maurice
  9010 | D:8      | Reached skill level 9 in Fighting
  9371 | D:9      | Killed Maurice
  9398 | D:10     | Entered Level 10 of the Dungeon
  9600 | D:10     | Found a shadowy altar of Dithmenos.
  9619 | D:10     | Found a flagged portal.
  9628 | Bailey   | Entered a bailey
  9816 | Bailey   | Reached skill level 10 in Fighting
 10224 | Bailey   | Reached **** piety under Okawaru
 10622 | Bailey   | Reached skill level 11 in Fighting
 10858 | Bailey   | Reached skill level 12 in Fighting
 10858 | Bailey   | Reached XP level 11. HP: 105/105 MP: 14/14
 11347 | D:10     | Noticed a two-headed ogre
 11356 | D:10     | Killed a two-headed ogre
 11357 | D:10     | Reached skill level 13 in Fighting
 11629 | D:10     | Found a portal to a secret trove of treasure.
 11788 | D:10     | Noticed a two-headed ogre
 11796 | D:10     | Killed a two-headed ogre
 11948 | D:10     | Reached ***** piety under Okawaru
 12193 | Lair:1   | Entered Level 1 of the Lair of Beasts
 12317 | Lair:1   | Reached XP level 12. HP: 113/115 MP: 16/16
 12358 | Lair:1   | Found a dark tunnel.
 12455 | Volcano  | Entered a volcano
 12572 | Volcano  | Noticed a two-headed ogre
 12572 | Volcano  | Noticed a hell hog
 12578 | Volcano  | Killed a hell hog
 12579 | Volcano  | Reached skill level 14 in Fighting
 12585 | Volcano  | Killed a two-headed ogre
 13153 | Lair:1   | Identified the +0 hat "Edoloatz" {Int+3} (Okawaru gifted it
                  | to you on level 1 of the Lair of Beasts)
 13153 | Lair:1   | Received a gift from Okawaru
 13492 | Lair:1   | Reached skill level 15 in Fighting
 13573 | Lair:1   | Noticed an eight-headed hydra
 13580 | Lair:1   | Killed an eight-headed hydra
 13839 | Lair:2   | Noticed an eight-headed hydra
 13849 | Lair:2   | Killed an eight-headed hydra
 14108 | Lair:2   | Reached skill level 10 in Armour
 14738 | Lair:3   | Noticed Prince Ribbit
 14746 | Lair:3   | Killed Prince Ribbit
 14893 | Lair:3   | Found a staircase to the Swamp.
 15236 | Lair:3   | Reached skill level 15 in Armour
 15251 | Lair:3   | Reached XP level 13. HP: 79/128 MP: 11/17
 15552 | Lair:3   | Found a large runed translucent door.
 15552 | Lair:3   | Found a large runed translucent door.
 15552 | Lair:3   | Noticed finalsalamander's ghost (journeyman NaWn)
 15568 | Lair:3   | Noticed Gastronok
 15606 | Lair:3   | Killed Gastronok
 15606 | Lair:3   | Identified the +1 pair of boots "Wutwen" {rElec Dex+2}
                  | (Okawaru gifted it to you on level 3 of the Lair of Beasts)
 15606 | Lair:3   | Received a gift from Okawaru
 16216 | Lair:3   | Killed finalsalamander's ghost
 16518 | Lair:4   | Found a hole to the Spider Nest.
 16543 | Lair:4   | Gained mutation: Your magical capacity is low. (-10% MP)
                  | [potion of mutation]
 16544 | Lair:4   | Lost mutation: Your magical capacity is low. (-10% MP)
                  | [potion of mutation]
 16544 | Lair:4   | Gained mutation: Your flesh is heat resistant. (rF+)
                  | [potion of mutation]
 17791 | Lair:5   | Reached skill level 16 in Fighting
 17940 | Lair:5   | Found a viscous altar of Jiyva.
 17940 | Lair:5   | Found a staircase to the Slime Pits.
 18158 | Lair:5   | Identified the +1 ring mail of Dofeamm {rC+ Str-4 Int+4}
                  | (Okawaru gifted it to you on level 5 of the Lair of Beasts)
 18158 | Lair:5   | Received a gift from Okawaru
 18158 | Lair:5   | Reached ****** piety under Okawaru
 18200 | Lair:5   | Reached skill level 17 in Fighting
 18874 | Lair:6   | Entered Level 6 of the Lair of Beasts
 19247 | Lair:6   | Reached XP level 14. HP: 141/141 MP: 11/18
 19260 | Lair:6   | Reached skill level 18 in Fighting
 19528 | Lair:6   | Noticed Urug
 20007 | Lair:6   | Reached skill level 19 in Fighting
 20042 | Lair:6   | Killed Urug
 20215 | Lair:6   | Identified the +6 mace "Xeawui" {elec, Fly rF- rCorr SInv}
 20256 | Lair:6   | Reached skill level 5 in Dodging
 20348 | Lair:6   | Received a gift from Okawaru
 20831 | Lair:6   | Reached skill level 10 in Shields
 21119 | Lair:6   | Identified the +0 plate armour of Integrity {+Inv Stlth+}
 21360 | D:11     | Found a staircase to the Orcish Mines.
 21550 | D:11     | Noticed Erica
 21562 | D:11     | Killed Erica
 21566 | D:11     | Noticed Nergalle
 21573 | D:11     | Killed Nergalle
 22064 | D:12     | Found a frozen archway.
 22067 | D:12     | Noticed Rupert
 22104 | D:12     | Found a gate leading to a gauntlet.
 22109 | Gauntlet | Entered a Gauntlet
 22109 | Gauntlet | Found a transporter.
 22113 | Gauntlet | Found a transporter.
 22114 | Gauntlet | Found a transporter.
 22129 | Gauntlet | Found a transporter.
 22131 | Gauntlet | Found a transporter.
 22138 | Gauntlet | Found a runed translucent gate.
 22138 | Gauntlet | Found a runed translucent gate.
 22141 | Gauntlet | Found a runed translucent gate.
 22141 | Gauntlet | Found a transporter.
 22158 | Gauntlet | Found a transporter.
 22168 | Gauntlet | Found a transporter.
 22178 | Gauntlet | Found a transporter.
 22193 | Gauntlet | Found a transporter.
 22203 | Gauntlet | Found a transporter.
 22208 | Gauntlet | Found a transporter.
 22274 | Gauntlet | Found a transporter.
 22319 | Gauntlet | Identified the ring "Afacsoli" {EV+4 Dex+2}
 22361 | Gauntlet | Found a transporter.
 22365 | Gauntlet | Identified the ring "Kipliukhu" {Ice Will++ Dex+2 Stlth-}
 22399 | Gauntlet | Identified the ring "Iduuguho" {Will+ Str+6}
 22447 | IceCv    | Entered an ice cave
 22454 | IceCv    | Reached skill level 20 in Fighting
 22455 | IceCv    | Reached XP level 15. HP: 143/155 MP: 17/19
 22872 | IceCv    | Identified the +2 acid dragon scales of Lachippu {Harm rF-
                  | rCorr Slay+5 Stlth+} (Okawaru gifted it to you in an ice
                  | cave)
 22872 | IceCv    | Received a gift from Okawaru
 22897 | IceCv    | Noticed a frost giant
 22933 | IceCv    | Killed a frost giant
 23132 | D:12     | Killed Rupert
 23674 | D:13     | Reached skill level 15 in Shields
 23706 | D:13     | Identified the +7 quarterstaff "Repeowif" {flame, rC+ rN+
                  | MP+9 Int+3}
 23916 | D:13     | Got the Incunabulum of Frigorific Attacks
 24010 | D:13     | Found Dianaow's Assorted Antiques.
 24493 | D:13     | Identified the +3 ring mail of Idealism {rElec}
 25048 | D:14     | Reached skill level 1 in Axes
 25218 | D:14     | Found a gate to the Vaults.
 25247 | D:14     | Reached skill level 5 in Axes
 25620 | D:14     | Found a snail-covered altar of Cheibriados.
 25631 | D:15     | Entered Level 15 of the Dungeon
 25683 | D:15     | Found Bukhlith's Assorted Antiques.
 25689 | D:15     | Bought a scroll of teleportation for 117 gold pieces
 25874 | D:15     | Received a gift from Okawaru
 25996 | D:15     | Found an ornate altar of the Wu Jian Council.
 26091 | D:15     | Reached XP level 16. HP: 165/165 MP: 20/20
 26231 | D:15     | Found a staircase to the Depths.
 26536 | D:15     | Found a shadowy altar of Dithmenos.
 26659 | Orc:1    | Entered Level 1 of the Orcish Mines
 27029 | Orc:2    | Entered Level 2 of the Orcish Mines
 27309 | Orc:2    | Found Tepuoxtut's Magic Scroll Emporium.
 27317 | Orc:2    | Bought 3 scrolls of teleportation for 99 gold pieces
 27317 | Orc:2    | Bought a scroll of teleportation for 33 gold pieces
 27317 | Orc:2    | Bought a scroll of teleportation for 33 gold pieces
 27317 | Orc:2    | Bought a scroll of enchant weapon for 82 gold pieces
 27371 | Orc:2    | Found a staircase to the Elven Halls.
 27471 | Orc:2    | Reached skill level 10 in Axes
 27471 | Orc:2    | Found Ygeiber's Antique Weapon Emporium.
 27496 | Orc:2    | Gained mutation: Armour fits poorly on your strangely
                  | shaped body. [a neqoxec]
 27647 | Orc:2    | Found Waihujy's Book Emporium.
 27648 | Orc:2    | Found Coziudao's Antique Armour Shop.
 27648 | Orc:2    | Found Mitet's General Store.
 27993 | Elf:1    | Entered Level 1 of the Elven Halls
 28001 | Elf:1    | Identified the +0 hat "Ithuex" {rElec rN+ Int+3} (Okawaru
                  | gifted it to you on level 1 of the Elven Halls)
 28001 | Elf:1    | Received a gift from Okawaru
 28002 | Elf:1    | Reached skill level 21 in Fighting
 28441 | Elf:1    | Lost mutation: Your flesh is heat resistant. (rF+) [potion
                  | of mutation]
 28441 | Elf:1    | Lost mutation: Armour fits poorly on your strangely shaped
                  | body. [potion of mutation]
 28441 | Elf:1    | Gained mutation: You are partially covered in iridescent
                  | scales. (AC +2) [potion of mutation]
 28441 | Elf:1    | Gained mutation: You have hidden genetic defects. [potion
                  | of mutation]
 28496 | Elf:1    | Got the Catalogue of Displaced Malediction
 28550 | Elf:1    | Noticed a Tzitzimitl
 28557 | Elf:1    | Noticed an Executioner
 28559 | Elf:1    | Noticed a Tzitzimitl
 28580 | Elf:1    | Reached skill level 22 in Fighting
 28829 | Elf:1    | Noticed a Brimstone Fiend
 29319 | Elf:1    | Found Uhoosm's Neck Hole.
 29360 | Elf:1    | Gained mutation: Armour fits poorly on your strangely
                  | shaped body. [hidden defects]
 29712 | Elf:1    | Found a runed translucent gate.
 29712 | Elf:1    | Found a runed translucent gate.
 29712 | Elf:1    | Found a runed translucent gate.
 29712 | Elf:1    | Found a runed translucent gate.
 29712 | Elf:1    | Found a runed translucent gate.
 29713 | Elf:1    | Noticed a storm dragon
 29716 | Elf:1    | Found a runed translucent gate.
 29738 | Elf:1    | Killed a storm dragon
 29738 | Elf:1    | Identified the +9 long sword of Unpleasantness {spect,
                  | rElec Int+4} (Okawaru gifted it to you on level 1 of the
                  | Elven Halls)
 29738 | Elf:1    | Received a gift from Okawaru
 30033 | Elf:2    | Reached XP level 17. HP: 164/176 MP: 21/21
 30220 | Elf:2    | Found Wocuve Poev's Armour Shoppe.
 30220 | Elf:2    | Gained mutation: You are clumsy. (Dex -2) [hidden defects]
 30220 | Elf:2    | Lost mutation: You have hidden genetic defects. [hidden
                  | defects expressed]
 30374 | Elf:2    | Found a runed translucent gate.
 30375 | Elf:2    | Found a runed translucent gate.
 30375 | Elf:2    | Found a runed translucent gate.
 30405 | Elf:2    | Identified the +5 ring mail of Ithrec {rElec rPois rN+}
                  | (Okawaru gifted it to you on level 2 of the Elven Halls)
 30405 | Elf:2    | Received a gift from Okawaru
 30699 | Elf:2    | Paralysed by an air elemental for 1 turns
 31747 | Depths:1 | Entered Level 1 of the Depths
 31936 | Depths:1 | Identified the +8 broad axe of Tacu {flame, rPois Str+6}
                  | (Okawaru gifted it to you on level 1 of the Depths)
 31936 | Depths:1 | Received a gift from Okawaru
 32054 | Depths:1 | Found Folos's Book Boutique.
 32054 | Depths:1 | Found Aptakhlir's Jewellery Emporium.
 32056 | Depths:1 | Found Beurphe's Book Boutique.
 32117 | Depths:1 | Noticed a lich
 32124 | Depths:1 | Killed a lich
 32136 | Depths:1 | Noticed an ancient lich
 32145 | Depths:1 | HP: 7/176 [something/bolt of acid (37)]
 32145 | Depths:1 | Slain by a spriggan air mage simulacrum

Illustrated notes

Levels and vault maps discovered:
D:1:      heliophobic_arrival_glass_houses, layout_basic, minmay_tripent
D:2:      layout_rooms, basic_altar
D:3:      layout_rooms, dreamdust_ecumenical_altar_drowned_temple,
          kennysheep_generic_room_11
D:4:      layout_layer_cave, kennysheep_doodads, hangedman_decor_points,
          uniq_ijyb
D:5:      layout_rooms, gammafunk_ghost_nasty_kobolds, minmay_liquid_box,
          minmay_chambers_of_fives, uniq_eustachio
D:6:      layout_loops_ring, minmay_temple_entry_nine_rooms,
          sigmund_edmund_badplayer
D:7:      layout_gridville, uniq_joseph
D:8:      layout_basic, erik_lair_island
D:9:      layout_cross, uniq_maurice
D:10:     layout_long_grid, nicolae_overflow_hidden_temple,
          nicolae_trove_entry_crystal, enter_bailey_6
D:11:     layout_rooms, orc_0_dummy, grunt_ministairs_2, uniq_nergalle,
          uniq_erica
D:12:     layout_loops_ring, gauntlet_entry_generic, serial_ice, serial_ice_i,
          serial_ice_g, serial_ice_m, serial_ice_o,
          portal_ice_cave_entry_ice_simulacra, uniq_rupert
D:13:     minmay_inner_zag, layout_basic, serial_shops, nicolae_stop_n_shop_1
D:14:     layout_roguey, grunt_vaults_entry_tiered, cheibriados_altar_1
D:15:     hangedman_depths_entry_try_elsewhere_first, layout_loops_ring,
          grunt_dithmenos_smoke, serial_shops, nicolae_shop_overgrown_old_shop,
          pdpol_wu_jian_five_deadly_venoms
Temple:   dpeg_three_leaves_temple
Lair:1:   layout_loops_ring, nicolae_volcano_entry_two_sided
Lair:2:   layout_gridlike
Lair:3:   layout_roguey, minmay_swamp_entry_wisps, ebering_ghost_disaster_area,
          roderic_carrion_pond, uniq_prince_ribbit2, uniq_gastronok
Lair:4:   layout_layer_cave, spider_nest_entry_web_field
Lair:5:   layout_layer_cave, dpeg_slime_entry_enclosed_altar,
          lemuel_fruit_fields
Lair:6:   minmay_lair_end_enchanted_forest, layout_cave_pods,
          bobbens_dragon_lair_wall, uniq_urug
Orc:1:    layout_caves
Orc:2:    st_orc_elflike, layout_caves, serial_shops, nicolae_square_shop
Elf:1:    layout_gridlike, orc_legates, nicolae_shop_sticking_my_neck_out,
          grunt_megastairs_1
Elf:2:    elven_hall_of_blades_hangedman_original [nicolae_blade_lattice],
          layout_onion_city, serial_shops, nicolae_shop_crystal,
          amcnicky_mini_corridor_feature
Depths:1: layout_roguey [special_room_magic_class], serial_rivers,
          chequers_serial_rivers_large_a, chequers_serial_rivers_micro_a,
          chequers_serial_rivers_micro_a, chequers_serial_rivers_micro_e,
          hell_entry, st_stairs_4, lightli_minifort, minmay_shop_grove

Skill      XL: |  1  2  3  4  5  6  7  8  9 10 11 12 13 14 15 16 17 |
---------------+----------------------------------------------------+-----
Armour         | 4 8 15 17 19 | 19.0
Shields        | 4 6 8 10 17 19 | 19.2
Maces & Flails | 3 4 6 8 10 13 14 | 14.4
Fighting       | 4 7 12 13 15 17 20 22 | 22.2
Invocations    | 6 7 |  7.4
Dodging        | 4 7 9 |  9.8
Axes           | 6 11 12 | 12.8

Action                   |  1- 3 |  4- 6 |  7- 9 | 10-12 | 13-15 | 16-18 || total
-------------------------+-------+-------+-------+-------+-------+-------++-------
Melee: Flail             |    73 |   165 |   196 |   495 |  1584 |   851 ||  3364
       Headbutt          |    12 |    25 |    60 |   119 |   433 |   211 ||   860
       Whip              |       |       |    82 |       |       |       ||    82
       Broad axe         |       |       |       |       |       |    19 ||    19
Invok: Heroism           |       |       |     3 |     9 |    13 |    12 ||    37
       Finesse           |       |       |       |     2 |     6 |     3 ||    11
Evoke: Wand              |       |       |     6 |       |       |       ||     6
       Condenser vane    |       |       |       |       |       |     2 ||     2
  Use: Scroll            |       |    11 |     3 |    12 |    10 |    14 ||    50
       Potion            |       |       |     1 |     7 |     4 |     3 ||    15
 Stab: Petrified         |       |       |       |       |     7 |       ||     7
       Petrifying        |       |       |       |       |     1 |       ||     1
       Confused          |       |       |       |       |       |     5 ||     5
Armor: Scale mail        |     8 |       |       |       |       |       ||     8
       Chain mail        |    26 |   170 |    61 |   159 |   505 |       ||   921
       Plate armour      |       |       |    76 |   270 |    14 |       ||   360
       Crystal plate arm |       |       |       |       |   288 |   535 ||   823
Dodge: Dodged            |    26 |    89 |    61 |   248 |   734 |   234 ||  1392
Block: Buckler           |    10 |    52 |    60 |   157 |   458 |   333 ||  1070
